[Event "Titled Tuesday Blitz November 07 Late 2023"]
[White "Ruge, Edison"]
[Black "elmusmolamas"]
[WhiteFideId "4401000"]
[WhiteElo "2303"]
[BlackElo "2473"]
[Result "0-1"]
[Round "8"]
[TimeControl "180+1"]
[Date "2023.11.07"]
[WhiteClock "0:00:00"]
[BlackClock "0:00:16"]
[Board "91"]

1. e4 c6 2. d3 d5 3. Nd2 g6 4. Ngf3 Bg7 5. g3 a5 6. Bg2 a4 7. h4 a3 8. Rb1 axb2 9. Bxb2 Nf6 10. a3 O-O 11. O-O Bg4 12. Re1 e6 13. Qe2 Nbd7 14. Nf1 Nc5 15. e5 Nfd7 16. N1h2 Bxf3 17. Nxf3 Na4 18. Ba1 b5 19. Nd4 Qc7 20. f4 Nab6 21. Bb2 Ra4 22. h5 Nc8 23. Bh3 Re8 24. Kh2 Na7 25. Rh1 c5 26. Nf3 Nf8 27. Ng5 Nc6 28. hxg6 hxg6 29. Bg2 Qe7 30. Qg4 Nxe5 31. Bxe5 Bxe5 32. Rxb5 Bf6 33. Nf3 Rxa3 34. Ne5 Ra2 35. Qe2 Kg7 36. Rhb1 Rc8 37. Ng4 Nd7 38. Rb7 Qd6 39. Rxd7 Qxd7 40. Nxf6 Kxf6 41. Qe5+ Ke7 42. Qg5+ Kf8 43. Qh6+ Kg8 44. Rh1 c4 45. Kg1 Qa7+ 46. Kh2 Rxc2 47. f5 Qf2 48. Rg1 Qxf5 49. Qe3 cxd3 50. Rf1 Rxg2+ 51. Kxg2 Qe4+ 52. Qxe4 dxe4 0-1


[Site "https://www.chess.com"]

[Event "Titled Tuesday Blitz November 07 Late 2023"]
[White "Melikhov, Evgeny V."]
[Black "Baches Garcia, Guillermo"]
[WhiteFideId "4122046"]
[BlackFideId "2209764"]
[WhiteElo "2377"]
[BlackElo "2452"]
[Result "0-1"]
[Round "8"]
[TimeControl "180+1"]
[Date "2023.11.07"]
[WhiteClock "0:00:13"]
[BlackClock "0:00:37"]
[Board "92"]

1. d4 d5 2. c4 e6 3. Nc3 a6 4. cxd5 exd5 5. Nf3 Nf6 6. Bg5 Be6 7. e3 Nbd7 8. Bd3 Bd6 9. O-O c6 10. Qc2 Qc7 11. Bh4 h6 12. Bg3 Bxg3 13. hxg3 O-O 14. b4 b6 15. a4 Rfc8 16. Rfc1 Qd6 17. Rab1 a5 18. b5 c5 19. dxc5 bxc5 20. e4 d4 21. Ne2 c4 22. e5 Nxe5 23. Nxe5 cxd3 24. Qxd3 Qxe5 25. Nxd4 Rxc1+ 26. Rxc1 Rd8 27. Nc6 Rxd3 28. Nxe5 Rd6 29. Rc6 Rd5 30. f4 Nd7 31. Nc4 Rd1+ 32. Kf2 Bxc4 33. Rxc4 Rd6 34. Ke3 Kf8 35. Rc8+ Ke7 36. Ra8 Nb6 37. Rxa5 Nc4+ 0-1


[Site "https://www.chess.com"]

[Event "Titled Tuesday Blitz November 07 Late 2023"]
[White "Halak, Miklos"]
[Black "Maect19"]
[WhiteFideId "726400"]
[WhiteElo "2433"]
[BlackElo "2340"]
[Result "1-0"]
[Round "8"]
[TimeControl "180+1"]
[Date "2023.11.07"]
[WhiteClock "0:00:03"]
[BlackClock "0:00:08"]
[Board "93"]

1. e4 e5 2. Nf3 Nc6 3. Bb5 Nge7 4. O-O g6 5. d4 exd4 6. Nxd4 Bg7 7. Nxc6 bxc6 8. Bc4 O-O 9. c3 d5 10. Bd3 a5 11. Bg5 f6 12. Bf4 dxe4 13. Bxe4 Nd5 14. Bxd5+ Qxd5 15. Bxc7 Ra7 16. Qxd5+ cxd5 17. Bb6 Rb7 18. Bxa5 Rxb2 19. Rd1 Re8 20. Nd2 Ba6 21. Nf3 Bc4 22. a3 Ree2 23. Rf1 Rec2 24. Nd4 Rd2 25. Nf3 Rdc2 26. Nd4 Rd2 27. Nf3 Re2 28. Nd4 Re8 29. Rfb1 Reb8 30. Rxb2 Rxb2 31. Bb4 f5 32. a4 Kf7 33. Nf3 h6 34. Rc1 Ra2 35. a5 g5 36. Nd4 Ke8 37. Nxf5 Bf8 38. Nd6+ Bxd6 39. Bxd6 Rxa5 40. Be5 Ra2 41. Bd4 Kf7 42. h3 h5 43. Rb1 Kg6 44. Kh2 Ra6 45. Kg3 Re6 46. Kf3 Be2+ 47. Kg3 Bd3 48. Rb8 Bc4 49. f3 Kh6 50. Rb7 Kg6 51. Rg7+ Kh6 52. h4 gxh4+ 53. Kxh4 Rg6 54. Rd7 Rxg2 55. Be3+ Kg6 56. Rd6+ Kf5 57. Bd4 Rh2+ 58. Kg3 Rh1 59. Rf6+ Kg5 60. f4# 1-0


[Site "https://www.chess.com"]

[Event "Titled Tuesday Blitz November 07 Late 2023"]
[White "Su, Dion"]
[Black "Ward, Ieuan C"]
[WhiteFideId "2029731"]
[BlackFideId "406627"]
[WhiteElo "2415"]
[BlackElo "2339"]
[Result "1-0"]
[Round "8"]
[TimeControl "180+1"]
[Date "2023.11.07"]
[WhiteClock "0:02:38"]
[BlackClock "0:01:56"]
[Board "94"]

1. e4 e5 2. Nf3 Nc6 3. Bb5 a6 4. Ba4 Nf6 5. d3 b5 6. Bb3 Be7 7. c3 O-O 8. O-O d5 9. Qe2 dxe4 10. dxe4 Bg4 11. Rd1 Qe8 12. Nbd2 Na5 13. Bc2 Bc5 14. b4 1-0


[Site "https://www.chess.com"]

[Event "Titled Tuesday Blitz November 07 Late 2023"]
[White "KorolDimitriy75"]
[Black "Wanyama, Harold"]
[BlackFideId "10000380"]
[WhiteElo "2333"]
[BlackElo "2415"]
[Result "0-1"]
[Round "8"]
[TimeControl "180+1"]
[Date "2023.11.07"]
[WhiteClock "0:00:00"]
[BlackClock "0:01:47"]
[Board "95"]

1. d4 d5 2. c4 e6 3. Nc3 Be7 4. cxd5 exd5 5. Bf4 c6 6. e3 Nf6 7. Bd3 O-O 8. Qc2 Nbd7 9. Nge2 Re8 10. O-O Bf8 11. h3 b5 12. Rad1 Bb7 13. Qd2 a6 14. a3 c5 15. dxc5 Nxc5 16. Nd4 Nxd3 17. Qxd3 Qb6 18. Rc1 Rac8 19. Rfd1 Rc4 20. Bg5 Ne4 21. Nxe4 dxe4 22. Qe2 Rec8 23. Rxc4 bxc4 24. Rc1 c3 25. bxc3 Bxa3 26. Rc2 Qb1+ 27. Kh2 a5 28. c4 a4 29. Qg4 Re8 30. Bf6 Bd6+ 31. g3 Bf8 32. c5 Bc8 33. Nf5 Bxf5 34. Qxf5 Qxc2 35. Kg2 Qxc5 0-1


[Site "https://www.chess.com"]

[Event "Titled Tuesday Blitz November 07 Late 2023"]
[White "Marchesich, Giovanni"]
[Black "Bogaudinov, Rushan"]
[WhiteFideId "2824790"]
[BlackFideId "4129288"]
[WhiteElo "2413"]
[BlackElo "2312"]
[Result "0-1"]
[Round "8"]
[TimeControl "180+1"]
[Date "2023.11.07"]
[WhiteClock "0:02:39"]
[BlackClock "0:01:53"]
[Board "96"]

1. d4 Nf6 2. c3 e6 3. e3 b6 4. f4 Bb7 5. Nf3 c5 6. Bd3 g6 7. O-O Bg7 8. Nbd2 O-O 9. e4 cxd4 10. cxd4 Nc6 11. Qe2 Nb4 12. Bb1 Ba6 13. Nc4 d5 14. e5 Bxc4 15. Qf2 Ne4 16. Qe1 Bxf1 17. Qxf1 a5 18. a3 Nc6 19. g4 f6 20. Qh3 fxe5 21. fxe5 Qe7 22. Bg5 Nxg5 0-1


[Site "https://www.chess.com"]

[Event "Titled Tuesday Blitz November 07 Late 2023"]
[White "Martins, Vinicius Tine"]
[Black "Elbebiber"]
[WhiteFideId "2112884"]
[WhiteElo "2392"]
[BlackElo "2118"]
[Result "1-0"]
[Round "8"]
[TimeControl "180+1"]
[Date "2023.11.07"]
[WhiteClock "0:00:13"]
[BlackClock "0:00:00"]
[Board "97"]

1. d4 e6 2. Bf4 d5 3. Nf3 Bd6 4. Bg3 Nf6 5. e3 Ne4 6. Bd3 Nxg3 7. hxg3 h6 8. Nbd2 c5 9. c3 Nc6 10. Qe2 Qb6 11. O-O-O Bd7 12. g4 O-O-O 13. g5 e5 14. dxe5 Nxe5 15. Nxe5 Bxe5 16. gxh6 gxh6 17. Qf3 Be6 18. Bf5 Kb8 19. Rh5 d4 20. Bxe6 Qxe6 21. exd4 cxd4 22. c4 f6 23. b3 Qd6 24. Ne4 Qa3+ 25. Kb1 d3 26. Rxe5 fxe5 27. Rxd3 Qe7 28. Rd5 Rhf8 29. Qe3 Qe6 30. Qd3 Rc8 31. Rd6 Qf5 32. g3 h5 33. Qd5 Qf7 34. Kb2 Qxd5 35. cxd5 Rcd8 36. Rxd8+ Rxd8 37. d6 b5 38. Kc3 Kb7 39. Kb4 Kc6 40. a4 a6 41. axb5+ axb5 42. Ka5 Ra8+ 43. Kb4 Rd8 44. Ka5 Rf8 45. Kb4 Rf3 46. Ka5 Rxb3 47. d7 Ra3+ 48. Kb4 Ra4+ 49. Kb3 Ra8 50. Nf6 Rd8 51. Nxh5 Rxd7 52. Nf6 Rd3+ 53. Kb4 Rf3 54. Ne4 Kd5 55. Nc3+ Kd4 56. Nxb5+ Kd3 57. Nc3 e4 58. Nd5 Rxf2 59. g4 Rg2 60. Nf4+ Ke3 61. Nxg2+ 1-0


[Site "https://www.chess.com"]

[Event "Titled Tuesday Blitz November 07 Late 2023"]
[White "Gerbelli Neto, Eduardo"]
[Black "Quirke, Jeffrey"]
[WhiteFideId "2103281"]
[BlackFideId "2013029"]
[WhiteElo "2386"]
[BlackElo "2259"]
[Result "0-1"]
[Round "8"]
[TimeControl "180+1"]
[Date "2023.11.07"]
[WhiteClock "0:00:12"]
[BlackClock "0:00:17"]
[Board "98"]

1. e4 e6 2. d4 d5 3. Nc3 Nf6 4. e5 Nfd7 5. Nf3 c5 6. dxc5 Bxc5 7. Bd3 Nc6 8. Bf4 h6 9. O-O g5 10. Bg3 g4 11. Ne1 Ndxe5 12. Bb5 Bd7 13. Qe2 Qf6 14. Bxc6 Nxc6 15. Nxd5 Qg6 16. Nc7+ Ke7 17. Nxa8 Rxa8 18. Nd3 Bd4 19. Nf4 Qf5 20. c3 Bf6 21. Rad1 Ne5 22. Rfe1 Bc6 23. Qd2 Kf8 24. Qd6+ Kg8 25. Nxe6 Nf3+ 26. Kh1 Nxe1 27. Rxe1 fxe6 28. Qxe6+ Qxe6 29. Rxe6 Kf7 30. Re1 Rd8 31. Bf4 h5 32. Kg1 Re8 33. Rd1 Re2 34. Bc1 Be7 35. Be3 Rxb2 36. Bxa7 Rxa2 37. Bd4 Bf6 38. Kf1 Bxd4 39. cxd4 Bd5 40. h3 gxh3 41. gxh3 b5 42. Rb1 Bc4+ 43. Kg1 Ke6 44. Re1+ Kd5 45. Re5+ Kxd4 46. Rxh5 b4 47. Rh8 b3 48. Rd8+ Kc3 49. Rb8 b2 50. Kh2 Bd3 0-1


[Site "https://www.chess.com"]

[Event "Titled Tuesday Blitz November 07 Late 2023"]
[White "Milosevic, Milos"]
[Black "Kniazev, Igor"]
[WhiteFideId "964875"]
[BlackFideId "4136349"]
[WhiteElo "2500"]
[BlackElo "2186"]
[Result "1-0"]
[Round "8"]
[TimeControl "180+1"]
[Date "2023.11.07"]
[WhiteClock "0:01:13"]
[BlackClock "0:00:31"]
[Board "99"]

1. d4 Nf6 2. Bg5 c5 3. Bxf6 gxf6 4. dxc5 Qa5+ 5. Nd2 e6 6. c3 Qxc5 7. Ngf3 d5 8. e4 Nc6 9. exd5 Qxd5 10. Bc4 Qh5 11. Ne4 Be7 12. Nd6+ Bxd6 13. Qxd6 Ne5 14. O-O-O Nd7 15. b4 a5 16. Rhe1 b5 17. Bxe6 fxe6 18. Rxe6+ Kf7 19. Re7+ Kg6 20. Qg3+ Qg5+ 21. Nxg5 fxg5 22. Rd6+ Nf6 23. Rxf6+ Kxf6 24. Qe5+ Kg6 25. Rg7+ Kh5 26. Qxg5# 1-0


[Site "https://www.chess.com"]

[Event "Titled Tuesday Blitz November 07 Late 2023"]
[White "ATM622"]
[Black "Modric, Nesa"]
[BlackFideId "922579"]
[WhiteElo "2409"]
[BlackElo "2184"]
[Result "1-0"]
[Round "8"]
[TimeControl "180+1"]
[Date "2023.11.07"]
[WhiteClock "0:02:05"]
[BlackClock "0:00:08"]
[Board "100"]

1. d4 Nf6 2. c4 e6 3. g3 d5 4. Bg2 Be7 5. Nf3 O-O 6. O-O dxc4 7. Ne5 c5 8. dxc5 Qc7 9. Nxc4 Rd8 10. Qc2 Nc6 11. Be3 Ng4 12. Bf4 e5 13. Bd2 Nd4 14. Qd1 Qxc5 15. Nba3 Be6 16. Rc1 Bxc4 17. Rxc4 Qd6 18. Bb4 Qe6 19. Bxe7 Qxe7 20. e3 Nf5 21. Qxg4 1-0


[Site "https://www.chess.com"]

[Event "Titled Tuesday Blitz November 07 Late 2023"]
[White "Vila Dupla, Aurelio"]
[Black "Haitin, Ilja"]
[WhiteFideId "2203383"]
[BlackFideId "4501764"]
[WhiteElo "2184"]
[BlackElo "2402"]
[Result "0-1"]
[Round "8"]
[TimeControl "180+1"]
[Date "2023.11.07"]
[WhiteClock "0:01:46"]
[BlackClock "0:02:00"]
[Board "101"]

1. Nf3 d5 2. d4 Nf6 3. c4 dxc4 4. e3 Bg4 5. Bxc4 e6 6. O-O Nbd7 7. b3 Bd6 8. Bb2 O-O 9. Be2 a5 10. h3 Bh5 11. Nc3 c6 12. Rc1 Qe7 13. e4 e5 14. dxe5 Nxe5 15. Nxe5 Qxe5 16. Bxh5 Qh2# 0-1


[Site "https://www.chess.com"]

[Event "Titled Tuesday Blitz November 07 Late 2023"]
[White "Tarnowska, Aleksandra"]
[Black "Martinez, Shawn"]
[WhiteFideId "1180967"]
[BlackFideId "2039770"]
[WhiteElo "2154"]
[BlackElo "2332"]
[Result "1-0"]
[Round "8"]
[TimeControl "180+1"]
[Date "2023.11.07"]
[WhiteClock "0:00:09"]
[BlackClock "0:00:07"]
[Board "102"]

1. e4 c5 2. Nf3 e6 3. c3 Nf6 4. e5 Nd5 5. d4 cxd4 6. Qxd4 Nc6 7. Qg4 Qc7 8. Qg3 d6 9. exd6 Qxd6 10. Bb5 Bd7 11. Nbd2 a6 12. Ba4 Nf4 13. Bc2 Nd3+ 14. Bxd3 Qxd3 15. Ng5 Qxg3 16. hxg3 h6 17. Nde4 Be7 18. Nf3 O-O-O 19. Bf4 Be8 20. O-O g5 21. Be3 f5 22. Ned2 g4 23. Nh4 Bxh4 24. gxh4 e5 25. Nb3 f4 26. Bb6 Rd6 27. Rad1 Rg6 28. Na5 Bd7 29. Rd5 g3 30. f3 Re6 31. Rfd1 Rh7 32. Nc4 e4 33. fxe4 Rxe4 34. Nd6+ Kb8 35. Nxe4 Bg4 36. Rd8+ Nxd8 37. Rxd8+ Bc8 38. Nd6 Rc7 39. Bxc7+ Kxc7 40. Rxc8+ Kxd6 41. Rh8 1-0


[Site "https://www.chess.com"]

[Event "Titled Tuesday Blitz November 07 Late 2023"]
[White "Ismayilova, Khanim"]
[Black "Shapiro, Daniel"]
[WhiteFideId "13429019"]
[BlackFideId "2001780"]
[WhiteElo "2164"]
[BlackElo "2329"]
[Result "1/2-1/2"]
[Round "8"]
[TimeControl "180+1"]
[Date "2023.11.07"]
[WhiteClock "0:00:23"]
[BlackClock "0:00:14"]
[Board "103"]

1. e4 c5 2. c3 g6 3. d4 cxd4 4. cxd4 d5 5. exd5 Nf6 6. Nc3 Nxd5 7. Nf3 Bg7 8. Bc4 Nb6 9. Bb3 O-O 10. O-O Bg4 11. Be3 Nc6 12. h3 Bxf3 13. Qxf3 Bxd4 14. Rfd1 e5 15. Nb5 Kg7 16. Nxd4 exd4 17. Qf4 Qf6 18. Qxf6+ Kxf6 19. Bxd4+ Nxd4 20. Rxd4 Rad8 21. Rad1 Rxd4 22. Rxd4 Ke5 23. Rd2 f5 24. Re2+ Kd6 25. Rd2+ Kc7 26. Rc2+ Kd6 27. Rd2+ Kc7 28. Rc2+ Kd6 29. Kf1 Re8 30. Rd2+ Kc7 31. Bf7 Re7 32. Bg8 Nd7 33. Rc2+ Kd6 34. Rd2+ Kc7 35. Rc2+ Kd6 36. Rd2+ Kc7 1/2-1/2


[Site "https://www.chess.com"]

[Event "Titled Tuesday Blitz November 07 Late 2023"]
[White "Ardila, Oscar Humberto"]
[Black "Feliz Dotel, Dewar Bienvenido"]
[WhiteFideId "4404742"]
[BlackFideId "6402801"]
[WhiteElo "2315"]
[BlackElo "2152"]
[Result "1-0"]
[Round "8"]
[TimeControl "180+1"]
[Date "2023.11.07"]
[WhiteClock "0:00:12"]
[BlackClock "0:00:00"]
[Board "104"]

1. a3 d5 2. h3 e6 3. d4 c5 4. e3 Nf6 5. Nf3 Bd6 6. Bb5+ Nfd7 7. O-O O-O 8. Nbd2 b6 9. e4 cxd4 10. Nxd4 dxe4 11. Nxe4 Be7 12. Nc6 Nxc6 13. Bxc6 Rb8 14. Bf4 e5 15. Bg3 Qc7 16. Bd5 Nf6 17. Nxf6+ Bxf6 18. Qe2 Bb7 19. Rfd1 Bxd5 20. Rxd5 Rfe8 21. Rad1 Rbc8 22. c3 h6 23. Rd7 Qb8 24. Qa6 Red8 25. R1d5 Rxd7 26. Rxd7 Rc7 27. Rd5 Rc5 28. Rd7 Rc7 29. Rd2 Rc8 30. Qa4 Rd8 31. Rd7 b5 32. Rxd8+ Bxd8 33. Qa6 Bf6 34. Qc6 a5 35. Kh2 b4 36. axb4 axb4 37. c4 b3 38. Qe4 Qb4 39. f3 Qd2 40. Bxe5 Qc2 41. Bxf6 gxf6 42. Qg4+ 1-0


[Site "https://www.chess.com"]

[Event "Titled Tuesday Blitz November 07 Late 2023"]
[White "Zampronha, Wladimir Camilo"]
[Black "Yushko, Olga"]
[WhiteFideId "2103087"]
[BlackFideId "14114500"]
[WhiteElo "2308"]
[BlackElo "2116"]
[Result "1-0"]
[Round "8"]
[TimeControl "180+1"]
[Date "2023.11.07"]
[WhiteClock "0:01:55"]
[BlackClock "0:01:21"]
[Board "105"]

1. e4 e6 2. d4 d5 3. Nc3 Nf6 4. e5 Nfd7 5. f4 c5 6. Nf3 Nc6 7. Be3 Qb6 8. Na4 Qa5+ 9. c3 cxd4 10. b4 Qd8 11. Nxd4 Nxd4 12. Bxd4 Be7 13. Bd3 O-O 14. O-O f6 15. Qe2 Qc7 16. Kh1 Re8 17. Bxh7+ Kxh7 18. Qh5+ Kg8 19. Qxe8+ Nf8 20. exf6 Bxf6 21. Bxf6 Bd7 22. Qxa8 gxf6 23. Qxa7 Ng6 24. Nc5 Bb5 25. Qa5 Qc6 26. Qd8+ Kg7 27. f5 Bxf1 28. fxg6 Be2 29. Qd7+ Kxg6 30. Qxc6 bxc6 31. a4 e5 32. a5 d4 33. cxd4 exd4 34. a6 1-0


[Site "https://www.chess.com"]

[Event "Titled Tuesday Blitz November 07 Late 2023"]
[White "Osmonbekov, Talaibek"]
[Black "Powell, Paul"]
[WhiteFideId "2017253"]
[BlackFideId "2005840"]
[WhiteElo "2295"]
[BlackElo "2087"]
[Result "1-0"]
[Round "8"]
[TimeControl "180+1"]
[Date "2023.11.07"]
[WhiteClock "0:02:13"]
[BlackClock "0:02:21"]
[Board "106"]

1. d4 Nf6 2. Nc3 d5 3. Bf4 c6 4. e3 e6 5. Nf3 Bd6 6. Ne5 Qc7 7. Bg3 Nbd7 8. f4 O-O 9. Bd3 c5 10. Nb5 Qb8 11. c3 c4 12. Bc2 a6 13. Nxd6 Qxd6 14. O-O g6 15. f5 Qe7 16. fxg6 hxg6 17. Bh4 Kg7 18. Ng4 Rh8 19. Bxf6+ Nxf6 20. Nxf6 Qxf6 21. Rxf6 Kxf6 22. Qf3+ Kg7 23. Rf1 Rf8 24. Qf6+ 1-0


[Site "https://www.chess.com"]

[Event "Titled Tuesday Blitz November 07 Late 2023"]
[White "Molina, Jessica"]
[Black "Minina, Veronika"]
[WhiteFideId "3303888"]
[BlackFideId "4174780"]
[WhiteElo "2084"]
[BlackElo "2283"]
[Result "0-1"]
[Round "8"]
[TimeControl "180+1"]
[Date "2023.11.07"]
[WhiteClock "0:00:10"]
[BlackClock "0:00:17"]
[Board "107"]

1. d4 Nf6 2. Nf3 g6 3. c4 Bg7 4. Nc3 O-O 5. e3 c5 6. g3 cxd4 7. exd4 d5 8. cxd5 Nxd5 9. Bg2 Qa5 10. Bd2 Nxc3 11. bxc3 Qh5 12. Ne5 Qf5 13. Qf3 Qc2 14. Qd3 Qb2 15. O-O Bf5 16. Qe3 Na6 17. g4 Bc2 18. Rfc1 Rab8 19. Nd7 e6 20. Nxb8 Rxb8 21. Be4 Bxe4 22. Qxe4 Qxd2 23. h3 Nc7 24. Rd1 Qb2 25. Rab1 Qxa2 26. Rxb7 Rxb7 27. Qxb7 Nd5 28. Rc1 Qd2 29. Qb1 Nxc3 30. Qb8+ Bf8 31. Rf1 Ne2+ 32. Kg2 Nxd4 33. Qe5 Qd3 34. Qe3 Qc4 35. Rd1 Qc6+ 36. Kf1 Nc2 37. Qd3 Nb4 38. Qd7 Qc4+ 39. Kg2 a5 40. Qd4 Qxd4 41. Rxd4 a4 42. Kf1 a3 43. Rd1 Nc2 44. Ke2 a2 45. Kd2 a1=Q 46. Rxa1 Nxa1 47. Kc3 Kg7 48. Kb2 Kf6 49. Kxa1 Ke5 50. Kb2 Kf4 51. Kc2 Kf3 52. Kd3 Kxf2 53. Ke4 f5+ 54. gxf5 gxf5+ 55. Kf4 Bd6+ 56. Kg5 f4 57. h4 f3 58. h5 Kg2 59. Kh6 f2 60. Kxh7 f1=Q 61. h6 Qf5+ 62. Kg8 Qg6+ 63. Kh8 Be5# 0-1


[Site "https://www.chess.com"]

[Event "Titled Tuesday Blitz November 07 Late 2023"]
[White "De Souza, Cristiano Gomes"]
[Black "Oliveira, Tiago Batista"]
[WhiteFideId "2151758"]
[BlackFideId "2108291"]
[WhiteElo "2276"]
[BlackElo "2066"]
[Result "0-1"]
[Round "8"]
[TimeControl "180+1"]
[Date "2023.11.07"]
[WhiteClock "0:00:36"]
[BlackClock "0:00:52"]
[Board "108"]

1. d4 Nf6 2. c4 g6 3. Nf3 Bg7 4. Nc3 d5 5. Bf4 O-O 6. e3 c5 7. dxc5 Qa5 8. Rc1 dxc4 9. Bxc4 Qxc5 10. Nb5 Qb4+ 11. Kf1 Nc6 12. a3 Qa5 13. Nc7 e5 14. Nxe5 Nxe5 15. Nxa8 Nxc4 16. Nc7 Nxb2 17. Qb3 Ne4 18. Qb5 Qd2 0-1


[Site "https://www.chess.com"]

[Event "Titled Tuesday Blitz November 07 Late 2023"]
[White "Tokat, Nehir"]
[Black "Vargas, Mauricio"]
[WhiteFideId "34557555"]
[BlackFideId "4404572"]
[WhiteElo "2203"]
[BlackElo "1864"]
[Result "1-0"]
[Round "8"]
[TimeControl "180+1"]
[Date "2023.11.07"]
[WhiteClock "0:00:08"]
[BlackClock "0:00:00"]
[Board "109"]

1. d4 d5 2. c4 c6 3. Nf3 e6 4. e3 Bd6 5. Nc3 Nf6 6. Bd3 Nbd7 7. O-O dxc4 8. Bxc4 O-O 9. e4 Bc7 10. a3 e5 11. d5 cxd5 12. exd5 e4 13. Ng5 Ne5 14. Ba2 Qd6 15. g3 Bf5 16. Nb5 Qd7 17. Nxc7 Qxc7 18. Bf4 h6 19. d6 Qc5 20. b4 Qb5 21. a4 Qe8 22. Bxe5 Qxe5 23. Nxf7 Rxf7 24. Bxf7+ Kxf7 25. Rc1 Rd8 26. Rc7+ Rd7 27. Qb3+ Be6 28. Rxd7+ Nxd7 29. Qe3 Nf6 30. Qxa7 Bd5 31. Qc5 Nd7 32. Qc7 Ke6 33. Re1 Qxd6 34. Qc3 Ne5 35. Kg2 e3+ 36. Kf1 exf2 37. Kxf2 Kf5 38. Qc2+ Ke6 39. Qg6+ Kd7 40. Qxg7+ Kc6 41. Qxe5 1-0


[Site "https://www.chess.com"]

[Event "Titled Tuesday Blitz November 07 Late 2023"]
[White "Nita, Lucian"]
[Black "Ghosh, Chanchal Kumer"]
[WhiteFideId "1206923"]
[BlackFideId "10201858"]
[WhiteElo "2307"]
[BlackElo "2065"]
[Result "1/2-1/2"]
[Round "8"]
[TimeControl "180+1"]
[Date "2023.11.07"]
[WhiteClock "0:00:52"]
[BlackClock "0:00:08"]
[Board "111"]

1. e4 c5 2. d3 d6 3. Nf3 e6 4. Be2 Nc6 5. O-O Nf6 6. c3 Be7 7. Nbd2 O-O 8. d4 cxd4 9. cxd4 a6 10. Bd3 b5 11. a3 Bb7 12. Qe2 Rc8 13. b4 h6 14. Bb2 Re8 15. Rac1 Qb6 16. h3 Nh5 17. g3 Nf6 18. Rfe1 Nd7 19. Kh2 Bf6 20. Qe3 Nf8 21. Nb3 Ng6 22. h4 Rc7 23. Re2 Rec8 24. Rec2 Nf8 25. g4 Nd8 26. g5 hxg5 27. hxg5 Be7 28. Rxc7 Rxc7 29. Rh1 Ng6 30. Kg1 e5 31. dxe5 Qxe3 32. fxe3 dxe5 33. Kf2 Rd7 34. Ke2 Bd6 35. Nc5 Bxc5 36. bxc5 Nc6 37. Bc2 a5 38. Bb3 a4 39. Bd5 b4 40. axb4 Nxb4 41. Bxb7 Rxb7 42. Nxe5 Nxe5 43. Bxe5 a3 44. Ra1 a2 45. c6 Rb5 46. Rc1 Nxc6 47. Rxc6 Rxe5 48. Ra6 Rxg5 49. Kf3 Re5 50. Rxa2 g6 51. Kf4 Re6 52. e5 Kg7 53. Ra7 Rb6 54. e4 Rc6 55. Rb7 Kf8 56. Kg5 Rc1 57. e6 Rg1+ 58. Kf6 Rf1+ 59. Ke5 f6+ 60. Kd6 Rd1+ 61. Kc5 Ke8 62. Rf7 Rf1 63. Rg7 g5 64. e5 fxe5 65. Kd6 Rd1+ 66. Kxe5 Ra1 67. Rg8+ Ke7 68. Rg7+ Ke8 69. Kf6 Rf1+ 70. Ke5 Re1+ 71. Kf5 Rf1+ 72. Kg4 Rg1+ 73. Kh5 Re1 74. Kxg5 Rxe6 75. Kf5 Re1 76. Rg8+ Ke7 77. Rg7+ Kf8 78. Ra7 Rf1+ 79. Ke6 Re1+ 80. Kd5 Rd1+ 81. Ke4 Re1+ 82. Kf3 Rf1+ 83. Ke2 Rf7 84. Ra8+ Kg7 85. Ke3 Re7+ 86. Kf4 Kf7 87. Kf5 Rc7 88. Ra5 Rb7 89. Rc5 Rd7 90. Re5 Ra7 91. Rb5 Rc7 92. Kg5 Rd7 93. Rf5+ Kg7 94. Re5 Rc7 95. Rb5 Rd7 96. Kf5 Rc7 97. Ke6 Ra7 98. Rg5+ Kh6 99. Rb5 Kg7 100. Kf5 Kf7 101. Ke5 Rc7 102. Kd6 Rc1 103. Rf5+ Kg6 104. Rf8 Kg7 105. Ra8 Kf7 106. Ra7+ Kf6 107. Ra5 Rd1+ 108. Kc5 Re1 109. Kd4 Rd1+ 110. Ke3 Re1+ 111. Kf3 Rf1+ 112. Ke3 Re1+ 113. Kd2 Re5 114. Ra6+ Kf5 115. Ra8 Rd5+ 116. Ke3 Re5+ 117. Kf3 Rc5 118. Rh8 Kg5 119. Rg8+ Kf5 120. Rf8+ Kg5 121. Ke4 Rc4+ 122. Kd5 Rc1 123. Kd4 Kg4 124. Ke3 Kg5 1/2-1/2


[Site "https://www.chess.com"]

[Event "Titled Tuesday Blitz November 07 Late 2023"]
[White "Broca Jimenez, Fernando"]
[Black "Freeeeeeeeeeeeeeeeee"]
[WhiteFideId "5104742"]
[WhiteElo "2233"]
[BlackElo "2028"]
[Result "0-1"]
[Round "8"]
[TimeControl "180+1"]
[Date "2023.11.07"]
[WhiteClock "0:00:00"]
[BlackClock "0:00:10"]
[Board "112"]

1. e4 e5 2. Nf3 Nc6 3. Bb5 d6 4. d4 Bd7 5. Nc3 Nf6 6. O-O Be7 7. Bg5 h6 8. Bh4 exd4 9. Nxd4 O-O 10. Re1 a6 11. Bxc6 bxc6 12. Nf5 Bxf5 13. exf5 d5 14. Qd3 Re8 15. Re2 Nd7 16. Bxe7 Rxe7 17. Rae1 Rxe2 18. Qxe2 Qf6 19. Qe7 Qxf5 20. Re2 Rc8 21. h3 Nf8 22. Qc5 Qd7 23. Qa7 Ne6 24. Rd2 Re8 25. Qxa6 Ng5 26. Re2 Rxe2 27. Qxe2 c5 28. h4 Ne6 29. Qe5 c4 30. Qxd5 Qxd5 31. Nxd5 Nd4 32. c3 Nb5 33. Ne3 Nd6 34. Kf1 Kf8 35. b4 cxb3 36. axb3 Ne4 37. c4 Nd2+ 38. Ke2 Nxb3 39. Kd3 Nc5+ 40. Kd4 Ne6+ 41. Kd5 Ke7 42. Nf5+ Kd7 43. c5 c6+ 44. Ke5 f6+ 45. Ke4 Nxc5+ 46. Kd4 Ne6+ 47. Kc4 h5 48. f3 g6 49. Ne3 g5 50. hxg5 fxg5 51. g4 h4 52. Ng2 Nf4 53. Ne3 h3 54. Nf1 Kd6 55. Nh2 Ke5 56. Kc5 Ne2 57. Kxc6 Kf4 58. Kd5 Kg3 59. Nf1+ Kg2 60. Ne3+ Kxf3 61. Nf1 Kf2 62. Nh2 Nf4+ 63. Ke4 Kg2 0-1


[Site "https://www.chess.com"]

[Event "Titled Tuesday Blitz November 07 Late 2023"]
[White "Desideri, Ricardo Maruchi"]
[Black "Petersson, Kjell"]
[WhiteFideId "2110440"]
[BlackFideId "1705148"]
[WhiteElo "1996"]
[BlackElo "2131"]
[Result "0-1"]
[Round "8"]
[TimeControl "180+1"]
[Date "2023.11.07"]
[WhiteClock "0:00:00"]
[BlackClock "0:00:40"]
[Board "114"]

1. e4 c5 2. Nf3 d6 3. d4 cxd4 4. Nxd4 Nf6 5. Nc3 g6 6. Be3 Bg7 7. h4 Ng4 8. Bb5+ Kf8 9. Qd2 Nxe3 10. Qxe3 h5 11. O-O-O Bh6 12. f4 Bg4 13. Rdf1 a6 14. Be2 Bxe2 15. Ndxe2 Nc6 16. Kb1 e6 17. Qf3 Ne7 18. g4 Bg7 19. f5 hxg4 20. Qxg4 exf5 21. exf5 Nxf5 22. h5 Ne3 23. Qxg6 Nxf1 24. Rxf1 Qd7 25. Nf4 Rh6 26. Qg5 Re8 27. Ng6+ Kg8 28. Nh4 Qe6 29. Nf5 Qe1+ 30. Rxe1 Rxe1+ 0-1


[Site "https://www.chess.com"]

[Event "Titled Tuesday Blitz November 07 Late 2023"]
[White "Mirza, Diana"]
[Black "VitaliyChayka"]
[WhiteFideId "2503999"]
[WhiteElo "1984"]
[BlackElo "2131"]
[Result "0-1"]
[Round "8"]
[TimeControl "180+1"]
[Date "2023.11.07"]
[WhiteClock "0:00:11"]
[BlackClock "0:01:06"]
[Board "115"]

1. e4 d6 2. d4 Nf6 3. Nc3 g6 4. f4 Bg7 5. Nf3 O-O 6. Be2 c5 7. d5 b5 8. Bxb5 Nxe4 9. Nxe4 Qa5+ 10. Nc3 Bxc3+ 11. bxc3 Qxb5 12. Bd2 Ba6 13. Rb1 Qc4 14. Kf2 Nd7 15. h4 Nf6 16. h5 Qxd5 17. hxg6 fxg6 18. Rh4 Nh5 19. Rxh5 Qxh5 20. Ng5 Qxg5 21. Qf3 Qh4+ 22. Kg1 Bc4 23. Re1 Rae8 24. Be3 Qh5 25. g4 Qh4 26. Bf2 Qf6 27. f5 gxf5 28. gxf5 Qxf5 29. Qg3+ Qg6 30. Re3 Qxg3+ 31. Rxg3+ Kh8 32. Kh2 Rxf2+ 0-1


[Site "https://www.chess.com"]